 Dungeon Crawl Stone Soup version 0.26.0-18-gc5c842f807 (webtiles) character file.

Game seed: 7750926341900843404

200 kaeus the Firebug (level 5, -4/28 HPs)
             Began as a Gargoyle Fire Elementalist on Jan 23, 2021.
             Slain by an orc
             ... wielding a +0 morningstar
              (6 damage)
             ... on level 2 of the Dungeon.
             The game lasted 00:03:38 (3598 turns).

kaeus the Firebug (Gargoyle Fire Elementalist)      Turns: 3598, Time: 00:03:38

Health: -4/28      AC:  8    Str: 12    XL:     5   Next: 78%
Magic:  5/9        EV: 10    Int: 22    God:
Gold:   127        SH:  3    Dex: 10    Spells: 9/10 levels left

rFire    . . .     SeeInvis .   h - +4 short sword
rCold    . . .     Faith    .   k - +0 buckler
rNeg     + . .     Spirit   .   j - +0 leather armour
rPois    ∞         Reflect  .   l - +0 helmet
rElec    +         Harm     .   (no cloak)
rCorr    .         Rampage  .   (no gloves)
Will     .....                  (no boots)
Stlth    ++........             d - amulet of the acrobat
HPRegen  0.09/turn              c - +6 ring of intelligence
MPRegen  0.11/turn              (no ring)

@: attractive
A: negative energy resistance 1, electricity resistance, unbreathing,
petrification resistance, miasma immunity, AC +4
a: no special abilities


You were on level 2 of the Dungeon.
You visited 1 branch of the dungeon, and saw 3 of its levels.

You collected 127 gold pieces.

Inventory:

Hand Weapons
 h - a +4 short sword (weapon)
Armour
 j - a +0 leather armour (worn)
 k - a +0 buckler (worn)
 l - a +0 helmet (worn)
Jewellery
 c - a +6 ring of intelligence (left hand)
 d - an amulet of the acrobat (around neck)
 o - an uncursed ring of ice {unknown}
Scrolls
 a - 3 scrolls of noise {unknown}
 b - a scroll of enchant weapon {unknown}
 f - 4 scrolls of identify {unknown}
 g - 2 scrolls of immolation {unknown}
 i - 3 scrolls of teleportation {unknown}
 p - a scroll of enchant armour {unknown}
Potions
 e - a potion of degeneration {unknown}
 m - a potion of attraction
 n - a potion of mutation {unknown}
 q - a potion of lignification {unknown}


   Skills:
 - Level 1.5 Dodging
 - Level 2.1 Stealth
 + Level 3.1 Spellcasting
 + Level 3.0 Conjurations
 * Level 4.9 Fire Magic


You had 9 spell levels left.
You knew the following spells:

 Your Spells              Type           Power        Failure   Level
a - Foxfire               Conj/Fire      84%          5%          1

Your spell library contained the following spells:

 Spells                   Type           Power        Failure   Level
 Conjure Flame            Conj/Fire      21%          16%         3
 Inner Flame              Hex/Fire       14%          28%         3
 Sticky Flame             Conj/Fire      21%          45%         4
 Fireball                 Conj/Fire      10%          82%         5


Dungeon Overview and Level Annotations

Branches:
Dungeon (3/15)

Altars:
Elyvilon


Innate Abilities, Weirdness & Mutations

You are resistant to torment.
Your stone body is resilient. (AC +4)
You are immune to poison.
You resist negative energy. (rN+)
You are resistant to electric shocks. (rElec)
You can survive without breathing.
You are immune to petrification.
You are immune to miasma.


Message History

There is a stone staircase leading up here.
The orc hits you with a +0 morningstar.
* * * LOW HITPOINT WARNING * * *
You climb upwards.
There is a stone staircase leading down here.
You take 6 damage, and have 1/28 hp.
MASSIVE DAMAGE!!
Casting: Foxfire (safe; 5% risk of failure)
Confirm with . or Enter, or press ? or * to list all spells.
You conjure some foxfire!
You now have 5/9 mp.
You hit the orc.
The orc is moderately wounded.
The orc barely misses you.
It was a potion of attraction.
You feel attractive to monsters. The orc hits you but does no damage.
You hit the orc but do no damage.
The orc is moderately wounded.
The orc hits you with a +0 morningstar.
You die...

#.# #...#
#.### #.#
#...## #...#
#.#
#....#####.#
#.#
#.......####
#.#
##...###### #
#.#
#.....#...###
#.#
#.###...8....
#o# #.#
###...### #@#
##.# ######.#
#.# #.†#
#....... #.#
#.## #...##.#
#.# #.#
##..##.# #.#
#.# ##.##.#
#.# #.#
#....# #.#
#.# #....#
#.# #.#
#..... #.#
#.# #.....


You could see an orc.

Vanquished Creatures
  A jelly (D:3)
  Terence (D:2)
  An orc wizard (D:3)
  3 adders
  An ooze (D:3)
  An adder skeleton (D:3)
  A worm (D:2)
  2 dart slugs
  A leopard gecko (D:3)
  4 orcs (D:3)
  A ball python (D:2)
  3 giant cockroaches
  10 goblins
  8 hobgoblins
  7 jackals
  A quokka (D:2)
  9 bats
  8 frilled lizards
  9 kobolds
  6 rats
78 creatures vanquished.

Vanquished Creatures (others)
  221 foxfires
221 creatures vanquished.

Grand Total: 299 creatures vanquished

Notes
Turn   | Place    | Note
-------+----------+-------------------------------------------
     0 | D:1      | kaeus the Gargoyle Fire Elementalist began the quest for
                  | the Orb.
     0 | D:1      | Reached XP level 1. HP: 10/10 MP: 3/3
   399 | D:1      | Reached XP level 2. HP: 15/15 MP: 1/5
   973 | D:1      | Reached XP level 3. HP: 19/19 MP: 0/6
  2135 | D:2      | Found a white marble altar of Elyvilon.
  2187 | D:2      | Reached skill level 4 in Fire Magic
  2307 | D:2      | Reached XP level 4. HP: 24/24 MP: 2/7
  2788 | D:2      | Noticed Terence
  2802 | D:2      | Killed Terence
  3116 | D:3      | Reached XP level 5. HP: 28/28 MP: 2/9
  3593 | D:3      | HP: 1/28 [orc/+0 morningstar (6)]
  3598 | D:2      | Slain by an orc

Illustrated notes

Levels and vault maps discovered:
D:1:      nagdon_arrival_double_spiral, layout_loops_ring,
          hangedman_decor_growths
D:2:      layout_rooms, serial_glass, glass_columns_a, glass_columns_a,
          elyvilon_altar_1, uniq_terence
D:3:      layout_loops_ring

Skill      XL: |  1  2  3  4  5 |
---------------+----------------+-----
Conjurations   | 2 3 |  3.0
Fire Magic     | 4 |  4.9
Spellcasting   | 3 |  3.1
Dodging        | |  1.5
Stealth        | |  2.1

Action                   |  1- 3 |  4- 6 || total
-------------------------+-------+-------++-------
Melee: Unarmed           |     8 |       ||     8
       Club              |    12 |       ||    12
       Short sword       |    18 |    35 ||    53
 Cast: Foxfire           |    95 |    80 ||   175
  Use: Potion            |       |     1 ||     1
Armor: Robe              |     4 |       ||     4
       Leather armour    |     1 |    11 ||    12
Dodge: Dodged            |    17 |    12 ||    29
Block: Buckler           |       |     2 ||     2
